 Dungeon Crawl Stone Soup version 0.22-a0-605-g9281fa2 (webtiles) character file.

335 sking99 the Insei (level 6, -6/52 HPs)
             Began as a Draconian Transmuter on July 8, 2018.
             Was an Initiate of Ru.
             Mangled by a killer bee (7 damage)
             ... on level 5 of the Dungeon.
             The game lasted 00:06:07 (4155 turns).

sking99 the Insei (Draconian Transmuter)            Turns: 4155, Time: 00:06:07

Health: -6/52      AC:  7    Str: 12    XL:     6   Next: 28%
Magic:  8/9        EV: 12    Int: 13    God:    Ru [......]
Gold:   68         SH:  0    Dex: 14    Spells: 6/9 levels left

rFire    . . .     SeeInvis .     - Unarmed
rCold    . . .     Gourm    .   (no shield)
rNeg     . . .     Faith    .   (armour unavailable)
rPois    .         Spirit   .   (helmet restricted)
rElec    .         Reflect  .   g - +0 cloak
rCorr    .         Harm     .   (no gloves)
MR       .....                  (no boots)
Stlth    +.........             (no amulet)
HPRegen  0.17/turn              (no ring)
MPRegen  0.11/turn              (no ring)

@: no status effects
A: unfitting armour, cold-blooded, AC +6
a: Renounce Religion


You were on level 5 of the Dungeon.
You worshipped Ru.
Ru was noncommittal.
You were hungry.

You visited 1 branch of the dungeon, and saw 5 of its levels.

You collected 68 gold pieces.

Inventory:

Missiles
 a - 28 arrows (quivered)
Armour
 g - a +0 cloak (worn)
Jewellery
 e - a cursed ring of loudness {unknown}
 o - an uncursed ring of flight {unknown}
Wands
 f - a wand of digging (19)
 k - a wand of flame (26)
Potions
 b - a potion of invisibility
 d - a potion of flight
 h - a potion of lignification {unknown}
 i - a potion of agility {unknown}
 l - a potion of heal wounds {unknown}
Comestibles
 c - 4 rations


   Skills:
 + Level 3.7 Fighting
 - Level 1.7 Dodging
 * Level 5.7 Unarmed Combat
 - Level 2.0 Spellcasting
 + Level 3.0 Transmutations


You had 6 spell levels left.
You knew the following spells:

 Your Spells              Type           Power        Failure   Level  Hunger
a - Beastly Appendage     Tmut           #.....       7%          1    ##.....
b - Sticks to Snakes      Tmut           #.......     11%         2    ###....

Your spell library contained the following spells:

 Spells                   Type           Power        Failure   Level  Hunger
 Spider Form              Tmut/Pois      #.........   38%         3    ####...
 Blade Hands              Tmut           #.........   89%         5    ######.
 Ice Form                 Ice/Tmut       #.......     80%         4    #####..


Dungeon Overview and Level Annotations

Branches:
Dungeon (5/15)
 Temple: D:4-7

Altars:
Cheibriados
Fedhas
Kikubaaqudgha
Makhleb
Okawaru
Qazlal
Ru
The Shining One


Innate Abilities, Weirdness & Mutations

Your plain brown scales are hard. (AC +6)
You cannot fit into any form of body armour.
You are cold-blooded and may be slowed by cold attacks.


Message History

The killer bee closely misses you. The killer bee stings you!
* * * LOW HITPOINT WARNING * * *
You feel better. The killer bee stings you.
* * * LOW HITPOINT WARNING * * *
You are poisoned.
The killer bee poisons you! The killer bee closely misses you.
The killer bee stings you but does no damage. x2
You hit the killer bee but do no damage.
The killer bee is severely wounded.
You feel sick. The killer bee closely misses you. The killer bee stings you.
* * * LOW HITPOINT WARNING * * *
The killer bee stings you.
* * * LOW HITPOINT WARNING * * *
The killer bee misses you.
You feel better. The killer bee stings you.
* * * LOW HITPOINT WARNING * * *
The killer bee stings you!
* * * LOW HITPOINT WARNING * * *
The killer bee closely misses you. The killer bee stings you!
You die...

#..#....###.####
##.#....# #....#
#.#....# ####.#
#.##.########.#
#.............#
#.#..##########
#...#.......
+..##.......
#.@y#.......
#.#y#.......
######y........
#..y...#.......
#..###.#.......
$.... #........
#.#... .##.##.##
#..... . .# <..
#..##y # # ..


You could see 3 killer bees.

Vanquished Creatures
  Jessica (D:2)
  4 adders
  2 worms (D:2)
  5 dart slugs
  2 leopard geckos
  3 orcs (D:4)
  12 giant cockroaches
  4 goblins
  6 hobgoblins
  12 jackals
  A quokka (D:2)
  13 bats
  2 frilled lizards
  12 kobolds
  6 rats
85 creatures vanquished.

Vanquished Creatures (collateral kills)
  Edmund (D:4)
  An ogre (D:4)
2 creatures vanquished.

Grand Total: 87 creatures vanquished

Notes
Turn   | Place    | Note
-------+----------+-------------------------------------------
     0 | D:1      | sking99 the Draconian Transmuter began the quest for the Orb.
     0 | D:1      | Reached XP level 1. HP: 16/16 MP: 3/3
   267 | D:1      | Reached XP level 2. HP: 23/23 MP: 5/5
   537 | D:1      | Reached XP level 3. HP: 28/29 MP: 6/6
   986 | D:2      | Found a faded altar of an unknown god.
  1007 | D:2      | Reached skill level 4 in Unarmed Combat
  1401 | D:2      | Noticed Jessica
  1410 | D:2      | Killed Jessica
  1410 | D:2      | Reached XP level 4. HP: 31/37 MP: 7/7
  1572 | D:2      | Learned a level 2 spell: Sticks to Snakes
  2122 | D:2      | Found a snail-covered altar of Cheibriados.
  2432 | D:3      | Reached XP level 5. HP: 44/45 MP: 8/8
  2748 | D:3      | Reached skill level 5 in Unarmed Combat
  2961 | D:4      | Noticed an ogre
  2969 | D:4      | Noticed Edmund
  2975 | D:4      | Killed an ogre
  3279 | D:4      | Killed Edmund
  3279 | D:4      | Reached XP level 6. HP: 15/52 MP: 5/9
  3499 | D:4      | Found a blossoming altar of Fedhas.
  3733 | D:4      | Found an iron altar of Okawaru.
  3736 | D:4      | Found a sacrificial altar of Ru.
  3736 | D:4      | Found an ancient bone altar of Kikubaaqudgha.
  3738 | D:4      | Found a stormy altar of Qazlal.
  3743 | D:4      | Became a worshipper of Ru the Awakened
  3779 | D:4      | Found a glowing golden altar of the Shining One.
  3993 | D:4      | Found a burning altar of Makhleb.
  4103 | D:5      | Entered Level 5 of the Dungeon
  4155 | D:5      | HP: 1/52 [killer bee (7)]
  4155 | D:5      | Mangled by a killer bee

Vault maps used:
D:1:      erik_arrival_cave_to_civilisation
D:2:      kennysheep_slug_shrine, chequers_ecumenical_altar_simple,
          first_ration, uniq_jessica
D:3:      due_unseen_surprise
D:4:      nicolae_overflow_hidden_temple, kennysheep_mini,
          grunt_temple_overflow_open, fedhas_altar_4, uniq_edmund
D:5:      lemuel_crystal_altar, kennysheep_little_box,
          minmay_temple_entry_statues_pillars, lemuel_tele_altar

Skill      XL: |  1  2  3  4  5 |
---------------+----------------+-----
Fighting       | 2 3 |  3.7
Unarmed Combat | 4 5 |  5.7
Transmutations | 3 |  3.0
Dodging        | |  1.7
Spellcasting   | |  2.0

Action                   |  1- 3 |  4- 6 || total
-------------------------+-------+-------++-------
Melee: Unarmed           |   130 |   230 ||   360
       Tailslap          |     9 |    24 ||    33
       Punch             |     3 |     5 ||     8
 Cast: Sticks to Snakes  |       |     6 ||     6
  Use: Scroll            |       |    12 ||    12
       Potion            |       |     2 ||     2
 Stab: Sleeping          |     2 |     2 ||     4
  Eat: Chunk             |     2 |     5 ||     7
       Ration            |       |     1 ||     1
Armor: Skin              |    48 |    84 ||   132
Dodge: Dodged            |   100 |   140 ||   240

Table legend:
 A = Spawn XP
 B = Non-spawn XP
 C = Spawn XP percentage of total XP
 D = Spawn monster count
 E = Non-spawn monster count
 F = Spawn count percentage of total count
 G = Total turns spent on level
                    A         B        C        D         E        F      G
               +---------+---------+-------+---------+---------+-------+---------
         Total |       0 |     479 |   0.0 |       0 |      87 |   0.0 |  4155
               +---------+---------+-------+---------+---------+-------+---------
           D:1 |       0 |      49 |   0.0 |       0 |      30 |   0.0 |   986
           D:2 |       0 |     112 |   0.0 |       0 |      30 |   0.0 |  1358
           D:3 |       0 |      58 |   0.0 |       0 |      19 |   0.0 |   806
           D:4 |       0 |     260 |   0.0 |       0 |       8 |   0.0 |   953
               +---------+---------+-------+---------+---------+-------+---------
